 Dungeon Crawl Stone Soup version 0.27.1-34-g3ba077fa99 (webtiles) character file.

Game seed: 10739697691671165164

94 Delamore the Sneak (level 4, -5/29 HPs)
             Began as an Octopode Brigand on Feb 11, 2022.
             Slain by an orc (19 damage)
             ... on level 3 of the Dungeon.
             The game lasted 00:01:37 (2371 turns).

Delamore the Sneak (Octopode Brigand)               Turns: 2371, Time: 00:01:38

Health: -5/29      AC:  1    Str: 10    XL:     4   Next: 63%
Magic:  13/13      EV: 12    Int: 13    God:
Gold:   89         SH:  0    Dex: 14    Spells: 3/3 levels left

rFire    . . .     SeeInvis .   a - +2 dagger
rCold    . . .     Faith    .   (no shield)
rNeg     . . .     Spirit   .   (helmet restricted)
rPois    .         Reflect  .   (no amulet)
rElec    .         Harm     .   e - ring of magical power
rCorr    .         Rampage  .   i - ring of wizardry
Will     .....                  (no ring)
Stlth    +++++.....             (no ring)
HPRegen  0.09/turn              (no ring)
MPRegen  0.13/turn              (no ring)
                                (no ring)
                                (no ring)

@: no status effects
A: almost no armour, amphibious, 8 rings, camouflage 1, gelatinous body 1,
(nimble swimmer 1), tentacles
a: no special abilities


You were on level 3 of the Dungeon.
You visited 1 branch of the dungeon, and saw 3 of its levels.

You collected 89 gold pieces.

Inventory:

Hand Weapons
 a - a +2 dagger (weapon)
Missiles
 b - 38 poisoned darts (quivered)
 c - 2 curare-tipped darts
 h - a throwing net
Jewellery
 e - a ring of magical power (left tentacle)
 i - a ring of wizardry (right tentacle)
Scrolls
 d - 2 scrolls of identify {unknown}
 k - a scroll of amnesia {unknown}
 l - a scroll of holy word {unknown}
Potions
 f - a potion of lignification {unknown}
 g - a potion of might {unknown}
 j - a potion of attraction {unknown}
 m - a potion of haste {unknown}
 n - a potion of brilliance {unknown}


   Skills:
 - Level 2.0 Fighting
 + Level 3.1 Short Blades
 - Level 2.0 Throwing
 - Level 1.0 Dodging
 * Level 7.4 Stealth


You had 3 spell levels left.
You didn't know any spells.
Your spell library contained the following spells:

 Spells                   Type           Power      Damage    Failure   Level
 Ensorcelled Hibernation  Hex/Ice        0%         N/A       19%         2
 Spider Form              Tmut/Pois      0%         N/A       34%         3
 Shadow Creatures         Summ           N/A        N/A       100%        6


Dungeon Overview and Level Annotations

Branches:
Dungeon (3/15)

Altars:

Shops:
D:3 (


Innate Abilities, Weirdness & Mutations

You cannot wear most types of armour.
You are amphibious.
You can wear up to eight rings at the same time.
Your skin changes colour to match your surroundings (Stealth+).
Your rubbery body absorbs attacks. (AC +1, EV +1)
((You are camouflaged near water. (Stealth+)))
You have tentacles for arms and can constrict up to eight enemies at once.


Message History

No target in view!
No target in view!
No target in view!
No target in view!
No target in view!
n - a black potion A goblin comes into view.
It is wielding a +0 dagger.
A goblin is nearby!
A giant cockroach, an orc and a dart slug come into view.
The helpless goblin fails to defend itself.
You stick the goblin like a pincushion!!!
You kill the goblin!
The helpless dart slug fails to defend itself.
You stick the dart slug like a pincushion!!!
You kill the dart slug!
No target in view!
Things that are here:
a +0 dagger; a goblin corpse No target in view!
There are monsters nearby!
There are monsters nearby!
The orc shouts!
You hear a shout! x2
An orc comes into view. It is wielding a +0 hand axe.
An orc comes into view. It is wielding a +0 club.
An orc comes into view.
It is wielding a +2 whip of electrocution.
Found a stone staircase leading down.
A hobgoblin comes into view.
The orc hits you with a +0 club. The orc barely misses you.
You barely miss the orc. Your grab misses the orc. You squeeze the orc.
The orc is almost dead.
The orc barely misses you. The orc hits you with a +0 hand axe.
You hit the orc.
You kill the orc!
The orc closely misses you.
You hit the orc but do no damage. You grab the orc. You constrict the orc.
The orc barely misses you.
The orc hits you with a +2 whip of electrocution.
You are electrocuted!!
Ouch! That really hurt!
You die...

##.####..≈.≈..###
#.......≈...≈..†#
#.####.≈..∩..≈..# #.##
#.####..≈...≈.#.# #...#
####.##.....≈.≈..#.# #...##
#.......#....≈...#.# #.....
#...)..............####...##
#.........#.#.#..##.........
#........##@#..#............
#........#ooog#..##.....†...
#........#.B#.##. ####.....#
#........#...... #......
########..... ### #.....#
##.### #.....# #.# #.#.#.#
#.# #.....# ###.###


You could see 3 orcs, a giant cockroach and a hobgoblin.

Vanquished Creatures
  2 adders (D:2)
  A gnoll (D:1)
  2 worms
  4 dart slugs
  An orc (D:3)
  5 bats
  An endoplasm (D:2)
  6 goblins
  6 hobgoblins
  3 jackals (D:1)
  10 kobolds
  2 quokkas (D:1)
  3 ball pythons
  2 frilled lizards
  3 rats
51 creatures vanquished.

Notes
Turn   | Place    | Note
-------+----------+-------------------------------------------
     0 | D:1      | Delamore the Octopode Brigand began the quest for the Orb.
     0 | D:1      | Reached XP level 1. HP: 14/14 MP: 1/1
    95 | D:1      | Reached XP level 2. HP: 19/19 MP: 2/2
   170 | D:1      | Reached skill level 6 in Stealth
   501 | D:1      | Reached XP level 3. HP: 23/24 MP: 3/3
  1401 | D:2      | Reached skill level 7 in Stealth
  1401 | D:2      | Reached XP level 4. HP: 29/29 MP: 4/4
  2325 | D:3      | Found Xoyselu's Antique Weapon Emporium.
  2371 | D:3      | Slain by an orc

Illustrated notes

Levels and vault maps discovered:
D:1:      lightli_arrival_statue_moat, layout_loops_cross, minmay_box_of_dots
D:2:      layout_loops_ring, fountainhead
D:3:      layout_loops_cross, shapermc_ecumenical_altar_petra, serial_shops,
          nicolae_shop_waterfront, nicolae_diamond_shop, shop, shop,
          nicolae_shop_behind_doors, uniq_sigmund

Skill      XL: |  1  2  3  4 |
---------------+-------------+-----
Stealth        | 6 7 |  7.4
Short Blades   | 3 |  3.1
Fighting       | |  2.0
Throwing       | |  2.0
Dodging        | |  1.0

Action                   |  1- 3 |  4- 6 || total
-------------------------+-------+-------++-------
Melee: Dagger            |    60 |    28 ||    88
       Constrict         |    10 |     5 ||    15
       Tentacles         |     7 |     2 ||     9
 Stab: Sleeping          |    11 |     8 ||    19
Armor: Skin              |     1 |     1 ||     2
Dodge: Dodged            |    20 |     6 ||    26
